AoeStats
← yoeyhoover

MegaRandom

504255976Analyzed
2v2 RM · 28d ago on Sep 4, 2026· 41m 21s· 4 players
Game mode
Random Map
Map size
Medium (4 player)
Population
200
Speed
Normal
Resources
Standard
Victory
Conquest
Starting age
Dark Age
Ending age
Imperial Age
RankedLock teamsTeams togetherTeam positionsShared explorationLock speedFull tech treeHidden civsTurbo modeCheats
Victory
Defeat
🇲🇽 Georgians · Mexico
1046
+13
🇺🇸 Gurjaras · United States
1035
+14
🇫🇷 Vikings · France
1086
-18
🇫🇷 Tatars · France
883
-9
drakilouxD
11:51 Feudal Age
13:04 Double-Bit Axe
14:51 Fishing Lines
16:30 Loom
21:57 Castle Age
22:21 Town Watch
22:55 Bow Saw
23:55 Horse Collar
27:37 Pikeman
Gryfonscar
11:30 Feudal Age
17:39 Castle Age
15:33 Stone Mining
15:37 Gold Mining
15:30 Horse Collar
15:40 Double-Bit Axe
24:07 Loom
31:23 Heavy Plow
32:51 Pikeman
36:10 Squires
King Dario II
12:12 Loom
14:33 Feudal Age
14:37 Man-at-Arms
15:40 Arson
16:16 Double-Bit Axe
16:15 Horse Collar
21:00 Forging
21:04 Bloodlines
21:44 Scale Barding Armor
24:13 Stone Mining
32:08 Castle Age
30:40 Scale Mail Armor
32:42 Long Swordsman
33:55 Gold Mining
35:05 Chain Mail Armor
38:11 Iron Casting
40:23 Chain Barding Armor
44:20 Imperial Age
yoeyhoover
7:42 Loom
12:49 Feudal Age
19:44 Castle Age
18:26 Double-Bit Axe
18:35 Gold Mining
20:33 Horse Collar
21:38 Scale Barding Armor
25:30 Bloodlines
25:18 Fishing Lines
26:37 Forging
28:13 Wheelbarrow
29:17 Fletching
29:29 Padded Archer Armor
29:49 Chain Barding Armor
31:05 Husbandry
31:53 Gold Shaft Mining
33:48 Hand Cart
37:53 Imperial Age
36:21 Kshatriyas
36:19 Bodkin Arrow
38:00 Ballistics
37:21 Treadmill Crane
37:32 Guard Tower
38:52 Bracer
39:10 Leather Archer Armor
39:42 Conscription
39:46 Murder Holes
41:12 Chemistry
Connection lost

Rejoining the realm…

Still unreachable

The connection could not be restored.

Session expired

The server has moved on; the page needs a fresh start.